 Dungeon Crawl Stone Soup version 0.29.0-3-gbb0933ed62 (webtiles) character file.

Game seed: 16764599595254812887

553 Iusername the Covered (level 7, -5/60 HPs)
             Began as a Minotaur Fighter on Aug 25, 2022.
             Slain by Duvessa
             ... wielding a +0 rapier
              (11 damage)
             ... on level 5 of the Dungeon.
             The game lasted 00:05:43 (6548 turns).

Iusername the Covered (Minotaur Fighter)            Turns: 6548, Time: 00:05:43

Health: -5/60      AC:  7    Str: 20    XL:     7   Next: 8%
Magic:  6/6        EV: 10    Int:  5    God:
Gold:   182        SH:  5    Dex: 12    Spells: 6/6 levels left

rFire   . . .      SeeInvis .   f - +1 short sword (holy)
rCold   . . .      Faith    .   c - +0 buckler
rNeg    . . .      Spirit   .   b - +0 scale mail
rPois   .          Reflect  .   (helmet restricted)
rElec   .          Harm     .   (no cloak)
rCorr   .          Rampage  .   (no gloves)
Will    .....                   (no boots)
Stlth   ..........              (no amulet)
HPRegen 0.20/turn               (no ring)
MPRegen 0.10/turn               (no ring)

@: no status effects
A: horns 2, retaliatory headbutt
a: no special abilities


You were on level 5 of the Dungeon.
You visited 1 branch of the dungeon, and saw 5 of its levels.

You collected 182 gold pieces.

Inventory:

Hand Weapons
 a - a +0 long sword
 f - a +1 short sword of holy wrath (weapon)
Missiles
 e - a silver javelin (quivered)
 l - a throwing net
Armour
 b - a +0 scale mail (worn)
 c - a +0 buckler (worn)
Wands
 d - a wand of polymorph (8)
 p - a wand of quicksilver (8)
Scrolls
 g - a scroll of enchant weapon {unknown}
 j - a scroll of butterflies {unknown}
 k - a scroll of poison {unknown}
 o - a scroll of teleportation {unknown}
 q - 2 scrolls of identify {unknown}
 r - a scroll of fear {unknown}
Potions
 h - a potion of haste {unknown}
 i - a potion of mutation {unknown}
 n - a potion of curing


   Skills:
 + Level 4.8 Fighting
 + Level 3.6(4.2) Short Blades
 + Level 3.6(4.4) Long Blades
 + Level 6.5 Armour
 + Level 1.6 Dodging
 + Level 0.4 Stealth
 + Level 4.7 Shields


You had 6 spell levels left.
You didn't know any spells.
Your spell library contained the following spells:

 Spells                   Type           Power      Damage    Failure   Level
 Tukima's Dance           Hex            0%         N/A       99%         3
 Passage of Golubria      Tloc           0%         N/A       100%        4
 Yara's Violent Unravell  Hex/Tmut       0%         3d3       100%        5


Dungeon Overview and Level Annotations

Branches:
Dungeon (5/15)
 Temple: D:4-7

Altars:

Shops:
D:4 !

Annotations:
D:5 Dowan, Duvessa


Innate Abilities, Weirdness & Mutations

You have a pair of horns on your head.
You reflexively headbutt those who attack you in melee.


Message History

Duvessa hits you with a +0 rapier!
Dowan says, "Magic and the sword, together, will defeat you."
You hit Duvessa but do no damage.
Duvessa is lightly wounded.
You hit Duvessa.
Duvessa is lightly wounded.
Duvessa closely misses you.
You hit Duvessa but do no damage.
Duvessa is lightly wounded.
Duvessa hits you with a +0 rapier.
You hit Duvessa.
Duvessa is moderately wounded.
Duvessa hits you with a +0 rapier. Dowan casts a spell at you.
You resist with some effort.
You closely miss Duvessa.
Duvessa is moderately wounded.
Duvessa hits you with a +0 rapier!
You hit Duvessa but do no damage.
Duvessa is moderately wounded.
Duvessa zaps a wand.
The puff of flame hits you!
* * * LOW HITPOINT WARNING * * *
You barely miss Duvessa.
Duvessa is moderately wounded.
Duvessa hits you with a +0 rapier!
* * * LOW HITPOINT WARNING * * *
Dowan hits you with a +0 dagger.
* * * LOW HITPOINT WARNING * * *
It was a potion of cancellation.
You feel magically purged. Duvessa hits you with a +0 rapier.
* * * LOW HITPOINT WARNING * * *
Dowan barely misses you.
It was a potion of curing.
You feel better.
Duvessa says, "Where magic fails, the sword succeeds!"
Duvessa hits you with a +0 rapier!
* * * LOW HITPOINT WARNING * * *
Dowan says, "Stay away from my face!"
Dowan closely misses you.
You feel better. Duvessa hits you with a +0 rapier!
You die...

.# .# ..##
######...##
.........#
.........
##e.......
##.@e......
##..........
#....^.......
##............
#.............
##.............
#.............
#.............
##............


You could see Duvessa and Dowan.

Vanquished Creatures
  A black bear (D:5)
  An ice beast (D:4)
  A howler monkey (D:3)
  3 iguanas
  Terence (D:2)
  An orc wizard (D:4)
  9 adders
  A shadow imp (D:3)
  5 worms
  3 dart slugs
  6 orcs
  4 endoplasms
  4 giant cockroaches
  13 goblins
  8 hobgoblins
  3 jackals (D:1)
  10 kobolds
  A quokka (D:3)
  8 ball pythons
  4 bats
  A frilled lizard (D:1)
  8 rats
  A spectral kobold (D:1)
97 creatures vanquished.

Notes
Turn   | Place    | Note
-------+----------+-------------------------------------------
     0 | D:1      | Iusername the Minotaur Fighter began the quest for the Orb.
     0 | D:1      | Reached XP level 1. HP: 19/19 MP: 0/0
   122 | D:1      | Reached skill level 4 in Armour
   125 | D:1      | Reached XP level 2. HP: 22/27 MP: 1/1
   687 | D:1      | Reached XP level 3. HP: 33/33 MP: 2/2
   728 | D:1      | Found a faded altar of an unknown god.
   856 | D:2      | Noticed Terence
   871 | D:2      | Killed Terence
   872 | D:2      | Reached XP level 4. HP: 23/40 MP: 3/3
   914 | D:2      | Reached skill level 1 in Short Blades
  1834 | D:3      | Reached XP level 5. HP: 34/46 MP: 4/4
  2505 | D:3      | Reached skill level 5 in Armour
  3502 | D:3      | Reached skill level 1 in Dodging
  3881 | D:4      | Noticed an ice beast
  3890 | D:4      | Killed an ice beast
  3891 | D:4      | Reached XP level 6. HP: 23/53 MP: 5/5
  5079 | D:4      | Found Boych's Distillery.
  5103 | D:4      | Reached skill level 6 in Armour
  5545 | D:5      | Entered Level 5 of the Dungeon
  5979 | D:5      | Reached XP level 7. HP: 23/60 MP: 6/6
  6533 | D:5      | Noticed Duvessa
  6533 | D:5      | Noticed Dowan
  6547 | D:5      | HP: 1/60 [Duvessa/+0 rapier (9)]
  6548 | D:5      | Slain by Duvessa

Illustrated notes

Levels and vault maps discovered:
D:1:      ncdulo_halloftheorcs, layout_basic,
          dreamdust_ecumenical_altar_drowned_temple
D:2:      layout_rooms, nicolae_wormholes, uniq_terence
D:3:      layout_basic
D:4:      layout_loops_ring, serial_shops, nicolae_shop_hallway_plus
D:5:      layout_cave_pods, mainiacjoe_overflow_small_starburst,
          serial_bayou_pond_b, uniq_prince_ribbit1, uniq_duvessa

Skill      XL: |  1  2  3  4  5  6 |
---------------+-------------------+-----
Armour         | 4 5 6 |  6.5
Fighting       | 4 |  4.8
Long Blades    | 3 |  3.6
Short Blades   | 1 3 |  3.6
Shields        | 4 |  4.7
Dodging        | 1 |  1.6
Stealth        | |  0.4

Action                   |  1- 3 |  4- 6 |  7- 9 || total
-------------------------+-------+-------+-------++-------
Melee: Long sword        |    27 |       |       ||    27
       Headbutt          |    11 |    40 |     3 ||    54
       Short sword       |    50 |   237 |    22 ||   309
Throw: Javelin           |     3 |       |       ||     3
  Use: Potion            |       |     1 |     3 ||     4
Armor: Scale mail        |    33 |    92 |       ||   125
Dodge: Dodged            |    28 |    98 |     8 ||   134
Block: Buckler           |    17 |    56 |     3 ||    76
